 Dungeon Crawl Stone Soup version 0.19.1 (webtiles) character file.

12013 Jerry the Carver (level 11, -5/80 HPs)
             Began as a Minotaur Gladiator on Dec 28, 2016.
             Was an Elder of Dithmenos.
             Slain by a spatial maelstrom (22 damage)
             ... on level 1 of the Abyss.
             The game lasted 00:37:55 (10931 turns).

Jerry the Carver (Minotaur Gladiator)              Turns: 10931, Time: 00:37:55

Health: -5/80      AC: 12    Str: 20    XL:     11   Next: 56%
Magic:  10/10      EV: 17    Int:  5    God:    Dithmenos [****..]
Gold:   388        SH:  0    Dex: 14    Spells: 0 memorised, 10 levels left

rFire  + . .     SeeInvis +     h - +5 falchion (elec)
rCold  . . .     Gourm    .     g - +0 scale mail
rNeg   . . .     Faith    .     (no shield)
rPois  .         Spirit   .     c - +0 hat
rElec  .         Reflect  .     x - +0 cloak
rCorr  .         Harm     .     o - +0 pair of gloves
MR     .....                    (no boots)
Stlth  ..........               (no amulet)
                                G - ring of protection from fire
                                W - ring of see invisible

@: wreathed by umbra
A: retaliatory headbutt, horns 2, sense surroundings 1
a: Shadow Step, Renounce Religion


You were on level 1 of the Abyss.
You worshipped Dithmenos.
Dithmenos was greatly pleased with you.
You were not hungry.

You visited 2 branches of the dungeon, and saw 12 of its levels.
You visited the Abyss 1 time.
You also visited: Bailey.

You collected 758 gold pieces.
You spent 370 gold pieces at shops.

Inventory:

Hand Weapons
 e - a +1 rapier of venom
 h - a +5 falchion of electrocution (weapon)
 T - a +0 scimitar of electrocution
Missiles
 t - 27 tomahawks of returning (quivered)
Armour
 c - a +0 hat (worn)
 g - a +0 scale mail (worn)
 l - a +0 plate armour
 o - a +0 pair of gloves (worn)
 x - a +0 cloak (worn)
Jewellery
 s - an uncursed ring of ice
 C - an uncursed ring of wizardry
 G - a ring of protection from fire (right hand)
 W - a ring of see invisible (left hand)
Wands
 k - a wand of slowing (31/48)
 n - a wand of paralysis (20/24)
 y - a wand of paralysis (24/24)
 D - a wand of lightning (11/15)
 N - a wand of confusion (27/48)
 O - a wand of iceblast (7/15)
 U - a wand of flame (19/48)
Scrolls
 a - a scroll of magic mapping
 b - a scroll of random uselessness {unknown}
 j - 2 scrolls of noise
 m - 2 scrolls of recharging
 r - 3 scrolls of amnesia
 z - 3 scrolls of teleportation
 H - 4 scrolls of remove curse {unknown}
 I - a scroll of immolation {unknown}
 J - 2 scrolls of fear {unknown}
 M - a scroll of identify
 V - a scroll of blinking
Potions
 d - 6 potions of cure mutation
 i - 5 potions of curing
 q - 9 potions of flight
 u - 2 potions of cancellation
 K - 2 potions of agility
 L - 3 potions of haste {unknown}
 P - a potion of might
 Q - 2 potions of heal wounds {unknown}
 R - a potion of brilliance {unknown}
Books
 v - a book of Misfortune

   Spells                             Type                      Level
   a - Confusing Touch                Hexes                        1
   b - Confuse                        Hexes                        3
   c - Gell's Gravitas                Hexes/Translocation          3
   d - Petrify                        Transmutation/Earth          4
   e - Metabolic Englaciation         Hexes/Ice                    5
   f - Yara's Violent Unravelling     Hexes/Transmutation          5
 F - a book of Callings

   Spells                             Type                      Level
   a - Summon Small Mammal            Summoning                    1
   b - Call Imp                       Summoning                    2
   c - Call Canine Familiar           Summoning                    3
   d - Summon Guardian Golem          Hexes/Summoning              3
   e - Summon Lightning Spire         Summoning/Air                4
   f - Summon Ice Beast               Ice/Summoning                4
Comestibles
 f - 8 bread rations
 p - 2 royal jellies
 w - 2 meat rations
 A - 2 beef jerkies
 B - 3 slices of pizza
 E - 3 fruits
 S - 2 chunks of flesh


   Skills:
 - Level 2.4 Fighting
 + Level 12.8 Long Blades
 - Level 2.0 Throwing
 + Level 12.7 Armour
 + Level 11.8 Dodging


You had 10 spell levels left.
You didn't know any spells.

Dungeon Overview and Level Annotations

Branches:
Dungeon (11/15)            Temple (1/1) D:5             Orc (0/2) D:10
   Lair: D:8-11

Altars:
Ashenzari
Cheibriados
Dithmenos
Elyvilon
Fedhas
Gozag
Hepliaklqana
Kikubaaqudgha
Makhleb
Nemelex Xobeh
Okawaru
Qazlal
Ru
Sif Muna
Trog
Uskayaw
Vehumet
Xom
Yredelemnul
Zin
The Shining One

Shops:
D:10 ?   D:11 *

Annotations:
D:11 Sonja


Innate Abilities, Weirdness & Mutations

You reflexively headbutt those who attack you in melee.
You have a pair of horns on your head.
You passively map a small area around you.


Message History

The spatial maelstrom hits you. Space bends around you.
The spatial maelstrom closely misses you.
The orc sorcerer hits you but does no damage.
You hit the orc sorcerer but do no damage.
You headbutt the orc sorcerer, but do no damage.
The orc sorcerer is heavily wounded.
The spatial maelstrom barely misses you.
You furiously retaliate!
You headbutt the spatial maelstrom.
You riposte.
You hit the spatial maelstrom. You headbutt the spatial maelstrom.
The spatial maelstrom is lightly damaged.
The spatial maelstrom hits you!
You blink.
You hit the orc sorcerer but do no damage.
The orc sorcerer is heavily wounded.
The orc sorcerer misses you.
You hit the orc sorcerer.
There is a sudden explosion of sparks!
The orc sorcerer is severely wounded.
The spatial maelstrom hits you!
* * * LOW HITPOINT WARNING * * *
Space warps horribly around you!
You die...

## .# .. .. ## ##. ..#
...#.. #.# ... .....
###.##..# #...##..#..#
.## ## ..##.#..#@#
####.# ###.v
........ov.......##.v...
.......ยง...?.....#...
.. .(##..##.............
.. #. #.........#.. .v.
.. #.###.......#.. . ..
...# ###... .# #.# .#
##### .+###.# # ##.# ...


You could see a spatial maelstrom and an orc sorcerer.

Vanquished Creatures
  An orc warlord (Bailey)
  Pikel (D:5)
  A hill giant (D:10)
  A centaur skeleton (D:10)
  A two-headed ogre (D:10)
  A meliai zombie (D:11)
  3 hippogriffs
  5 yaks (D:10)
  A basilisk (D:11)
  Edmund (D:5)
  21 water moccasins (D:10)
  5 sky beasts
  7 orc warriors
  2 ice beasts
  A slave (D:5)
  A phantom (D:11)
  3 necrophages (D:10)
  3 ogres
  3 centaurs
  2 big kobolds
  5 bullfrogs
  A gnoll sergeant (D:8)
  A water moccasin zombie (D:8)
  A scorpion (D:9)
  6 killer bees (D:8)
  4 wights (D:10)
  An electric eel (D:10)
  2 howler monkeys (D:7)
  5 crimson imps
  3 centaur zombies
  4 bullfrog zombies
  3 jellies
  5 orc priests
  3 hounds
  11 orc wizards
  3 bullfrog skeletons
  3 iguanas
  8 worker ants
  3 killer bee zombies (D:10)
  A hound zombie (D:9)
  A mummy (D:10)
  A howler monkey zombie (D:8)
  A worker ant zombie (D:9)
  10 gnolls
  24 adders
  A howler monkey skeleton (D:4)
  2 shadow imps (D:7)
  An adder skeleton (D:9)
  2 worms
  2 dart slugs
  8 leopard geckos
  41 orcs
  7 bats
  6 giant cockroaches
  9 goblins
  11 hobgoblins
  7 jackals
  6 quokkas
  3 ball pythons
  7 frilled lizards
  29 kobolds
  5 rats
321 creatures vanquished.

Vanquished Creatures (others)
  A slave (D:5)
  An ogre (D:5)
  An adder (D:10)
  3 jackals (D:5)
  2 withered plants (D:10)
8 creatures vanquished.

Grand Total: 329 creatures vanquished

Notes
Turn   | Place    | Note
-------+----------+-------------------------------------------
     0 | D:1      | Jerry the Minotaur Gladiator began the quest for the Orb.
     0 | D:1      | Reached XP level 1. HP: 18/18 MP: 0/0
   283 | D:1      | Reached skill level 1 in Armour
   339 | D:1      | Reached XP level 2. HP: 21/25 MP: 1/1
   792 | D:2      | Reached XP level 3. HP: 30/30 MP: 2/2
  1620 | D:3      | Reached XP level 4. HP: 13/37 MP: 3/3
  2415 | D:4      | Gained mutation: You passively map a small area around you. [potion of beneficial mutation]
  2425 | D:4      | Reached XP level 5. HP: 22/42 MP: 4/4
  2584 | D:4      | Reached skill level 5 in Long Blades
  2954 | D:4      | Reached XP level 6. HP: 37/50 MP: 5/5
  3209 | D:3      | Reached skill level 5 in Dodging
  3886 | D:5      | Entered Level 5 of the Dungeon
  3916 | D:5      | Noticed Edmund
  3924 | D:5      | Killed Edmund
  3924 | D:5      | Reached skill level 5 in Armour
  3935 | D:5      | Reached XP level 7. HP: 50/56 MP: 6/6
  4051 | D:5      | Noticed Pikel
  4111 | D:5      | Killed Pikel
  4111 | D:5      | Reached XP level 8. HP: 51/62 MP: 7/7
  4191 | D:5      | Found a staircase to the Ecumenical Temple.
  4213 | D:5      | Found a deep blue altar of Sif Muna.
  4886 | Temple   | Entered the Ecumenical Temple
  5066 | Temple   | Became a worshipper of Dithmenos the Shadowed
  5520 | D:6      | You fall through a shaft for 2 floors!
  5728 | D:8      | Reached XP level 9. HP: 55/68 MP: 8/8
  5839 | D:7      | Reached * piety under Dithmenos
  6781 | D:7      | Reached skill level 10 in Long Blades
  7459 | D:8      | Reached skill level 10 in Armour
  7763 | D:9      | Reached ** piety under Dithmenos
  7965 | D:9      | Reached XP level 10. HP: 74/74 MP: 9/9
  7979 | D:9      | Found a stormy altar of Qazlal.
  8132 | D:9      | Found a shattered altar of Ashenzari.
  8254 | D:10     | Entered Level 10 of the Dungeon
  8570 | D:10     | Found a flagged portal.
  8620 | Bailey   | Entered a bailey
  8629 | Bailey   | Noticed an orc warlord
  8701 | Bailey   | Reached skill level 10 in Dodging
  8703 | Bailey   | Reached *** piety under Dithmenos
  8838 | Bailey   | Found a runed gate.
  8840 | Bailey   | Found a runed gate.
  8842 | Bailey   | Found a runed gate.
  8916 | Bailey   | Killed an orc warlord
  9217 | D:10     | Found a staircase to the Orcish Mines.
  9217 | D:10     | Found Caom's Magic Scroll Shoppe.
  9263 | D:10     | Bought a scroll of identify for 26 gold pieces
  9386 | D:10     | Noticed a hill giant
  9398 | D:10     | Killed a hill giant
  9398 | D:10     | Reached XP level 11. HP: 71/80 MP: 10/10
  9497 | D:10     | Reached **** piety under Dithmenos
 10755 | D:11     | Found Wyss's General Store.
 10758 | D:11     | Bought a scroll of blinking for 97 gold pieces
 10758 | D:11     | Bought a potion of might for 52 gold pieces
 10758 | D:11     | Bought an uncursed ring of see invisible for 195 gold pieces
 10855 | D:11     | Noticed Sonja
 10866 | D:11     | Cast into level 1 of the Abyss (Sonja)
 10910 | Abyss:1  | Noticed a vampire mage
 10916 | Abyss:1  | Noticed a spatial maelstrom
 10923 | Abyss:1  | Noticed an orc sorcerer
 10931 | Abyss:1  | Slain by a spatial maelstrom

Skill      XL: |  1  2  3  4  5  6  7  8  9 10 11 |
---------------+----------------------------------+-----
Armour         | 1 2 3 4 5 6 8 10 11 12 | 12.7
Long Blades    | 4 5 6 7 8 10 11 12 | 12.8
Dodging        | 4 5 6 8 9 11 | 11.8
Fighting       | |  2.4
Throwing       | |  2.0

Action                   |  1- 3 |  4- 6 |  7- 9 | 10-12 || total
-------------------------+-------+-------+-------+-------++-------
Melee: Long sword        |    81 |    74 |       |       ||   155
       Headbutt          |    19 |    26 |    66 |    90 ||   201
       Falchion          |       |    49 |   280 |   350 ||   679
Throw: Throwing net      |       |     2 |     1 |     2 ||     5
       Javelin           |       |       |     2 |     8 ||    10
       Tomahawk          |       |       |       |    21 ||    21
  Use: Potion            |       |     2 |       |     3 ||     5
       Scroll            |       |       |     4 |    11 ||    15
 Stab: Held in net/web   |       |     2 |       |       ||     2
       Invisible         |       |       |       |     6 ||     6
  Eat: Chunk             |     2 |     7 |    14 |    10 ||    33
Armor: Leather armour    |    22 |       |       |       ||    22
       Scale mail        |       |    39 |    91 |    85 ||   215
Dodge: Dodged            |    61 |    64 |   181 |   300 ||   606
       Rpst.: Long sword |    16 |    14 |       |       ||    30
       Falchion          |       |     7 |    54 |    63 ||   124
